 Dungeon Sprint DCSS version 0.17-a0-1719-g1afd5a1 (webtiles) character file.

648 hexophile the Nimble (level 7, 0/35 HPs)
             Began as a Spriggan Chaos Knight on Aug 28, 2015.
             Slain by a wolf (14 damage)
             ... in the Dungeon (Sprint VII: "The Pits").
             The game lasted 00:04:59 (956 turns).

hexophile the Nimble (Spriggan Chaos Knight)         Turns: 956, Time: 00:04:59

Health: 0/35       AC:  4    Str: 10    XL:     7   Next: 27%
Magic:  8/8        EV: 28    Int: 13    God:    Xom [*.....]
Gold:   0          SH:  0    Dex: 16    Spells: 0 memorised, 6 levels left

rFire  . . .     SeeInvis +     a - +0 spear (chaos)
rCold  . . .     Clarity  .     b - +2 robe
rNeg   . . .     SustAt   .     (shield restricted)
rPois  .         Gourm    .     (helmet restricted)
rElec  .         Spirit   .     (no cloak)
rCorr  .         Warding  .     (gloves unavailable)
rMut   .         NoTele   +     (boots unavailable)
MR     +....                    (no amulet)
Stlth  +.........               (no ring)
                                (no ring)

@: confused, very quick, somewhat resistant to hostile enchantments, very
unstealthy
A: unfitting armour, see invisible, herbivore 3, speed 3, slow metabolism 2
a: Renounce Religion


You were in the Dungeon.
You worshipped Xom.
You were a special plaything of Xom.
You were not hungry.

You visited 1 branch

Inventory:

Hand weapons
 a - a +0 spear of chaos (weapon)
Armour
 b - a +2 robe (worn)
Scrolls
 l - 3 scrolls of remove curse
 m - 5 scrolls of amnesia
Potions
 d - 6 potions of curing
 e - 5 potions of heal wounds
 f - a potion of haste
 g - 4 potions of magic
 h - 3 potions of berserk rage
 k - 2 potions of invisibility
Comestibles
 c - 8 bread rations
 j - 40 fruits


   Skills:
 - Level 2.4 Fighting
 * Level 10.0 Polearms
 + Level 12.8 Dodging
 + Level 4.8 Stealth


You had 6 spell levels left.
You didn't know any spells.

Dungeon Overview and Level Annotations

Branches:
Dungeon (1/1)

Altars:
Ashenzari
Cheibriados
Dithmenos
Elyvilon
Fedhas
Gozag
Kikubaaqudgha
Makhleb
Nemelex Xobeh
Okawaru
Qazlal
Ru
Sif Muna
Trog
Vehumet
Xom
Yredelemnul
Zin
The Shining One
Beogh
Jiyva
Lugonu

Annotations:
D Terence


Innate Abilities, Weirdness & Mutations

You are tiny and cannot use many weapons and most armour.
You have supernaturally acute eyesight.
You are a herbivore.
You cover ground extremely quickly.
You need consume almost no food.


Message History

The wolf goes berserk!
Xom is highly amused!
The wolf is moderately wounded.
The wolf misses you. The wolf completely misses you. The wolf bites you.
The wolf completely misses you.
The wolf rages.
Unknown command.
Unknown command.
You hit the wolf but do no damage.
The wolf looks momentarily listless.
The wolf is moderately wounded.
The wolf closely misses you. The wolf bites you!
A shower of butterflies erupts from you!
Unknown command.
Xom's power touches on your mind for a moment.
You are confused.
Your butterfly looks rather confused. x5
The wolf bites you!
You die...
Xom chortles!

#.#.....#))#####÷##
#.###'###))##......
#.#.....#))##......
#.#.....#[[##......
#.####'##'###...<..
#.#........##......
#.#........##......
#†###########......
#.@hb.b.# #######
#.###.b.# ####
#b#.....# ....#∆∆∆
#.#...#.#+#....#∆∆∆
#.....#.#§'....+∆∆∆
#...###.#'#....#∆∆∆
#.......'.# ...#∆∆∆
########### ###


You could see a wolf (berserk).

Vanquished Creatures
  A wolf (D)
  A warg (D)
  A porcupine (D)
  An ice beast (D)
  A brain worm (D)
  A quasit (D)
  A river rat (D)
  A giant eyeball (D)
  An ooze (D)
  An adder zombie (D)
  A giant gecko (D)
  A ball python (D)
  A bat zombie (D)
  A hobgoblin (D)
  2 jackals (D)
  A jackal skeleton (D)
17 creatures vanquished.

Vanquished Creatures (collateral kills)
  A naga (D)
1 creature vanquished.

Grand Total: 18 creatures vanquished

Notes
Turn   | Place    | Note
--------------------------------------------------------------
     0 | D        | hexophile the Spriggan Chaos Knight began the quest for the Orb.
     0 | D        | Reached XP level 1. HP: 11/11 MP: 2/2
    15 | D        | Reached skill level 4 in Dodging
    25 | D        | Found a sacrificial altar of Ru.
    25 | D        | Found a basalt altar of Yredelemnul.
    25 | D        | Found a shadowy altar of Dithmenos.
    25 | D        | Found a deep blue altar of Sif Muna.
    25 | D        | Found a burning altar of Makhleb.
    25 | D        | Found a shimmering altar of Xom.
    25 | D        | Found an ancient bone altar of Kikubaaqudgha.
    25 | D        | Found a sparkling altar of Nemelex Xobeh.
    27 | D        | Found a bloodstained altar of Trog.
    27 | D        | Found a corrupted altar of Lugonu.
    27 | D        | Found a viscous altar of Jiyva.
    40 | D        | Found a glowing golden altar of the Shining One.
    40 | D        | Found a glowing silver altar of Zin.
    41 | D        | Found a shattered altar of Ashenzari.
    41 | D        | Found a white marble altar of Elyvilon.
    41 | D        | Found a snail-covered altar of Cheibriados.
    41 | D        | Found a blossoming altar of Fedhas.
    41 | D        | Found a radiant altar of Vehumet.
    41 | D        | Found a roughly hewn altar of Beogh.
    41 | D        | Found an iron altar of Okawaru.
    46 | D        | Found a stormy altar of Qazlal.
    46 | D        | Found an opulent altar of Gozag.
    61 | D        | Paralysed by a giant eyeball for 3 turns
    63 | D        | XOM: potion effect (haste)
    70 | D        | Paralysed by a giant eyeball for 4 turns
    77 | D        | Reached XP level 2. HP: 16/16 MP: 3/3
    83 | D        | XOM: harmless Summ miscast
   136 | D        | Reached skill level 5 in Dodging
   140 | D        | Noticed a brain worm
   160 | D        | XOM: harmless Divn miscast
   210 | D        | Noticed a warg
   210 | D        | Noticed a quasit
   215 | D        | XOM: potion effect (haste)
   219 | D        | XOM: summons 1 hostile demon
   233 | D        | XOM: mild Pois miscast
   239 | D        | XOM: harmless Air miscast
   249 | D        | Killed a warg
   249 | D        | Reached skill level 6 in Polearms
   249 | D        | Reached skill level 8 in Dodging
   249 | D        | Reached XP level 3. HP: 8/19 MP: 4/4
   249 | D        | Reached XP level 4. HP: 9/23 MP: 5/5
   249 | D        | Reached XP level 5. HP: 10/27 MP: 6/6
   258 | D        | Killed a brain worm
   258 | D        | Reached skill level 10 in Dodging
   282 | D        | XOM: fog
   284 | D        | Killed a quasit
   580 | D        | Noticed a porcupine
   598 | D        | XOM: silly message
   616 | D        | XOM: enchant monster (good)
   664 | D        | Killed a porcupine
   664 | D        | Reached skill level 11 in Dodging
   664 | D        | Reached XP level 6. HP: 17/32 MP: 7/7
   665 | D        | XOM: stat loss: -1 Dex (15/16)
   776 | D        | XOM: mild Ice miscast
   796 | D        | Noticed an ice beast
   835 | D        | Killed an ice beast
   835 | D        | Reached skill level 12 in Dodging
   865 | D        | Noticed Terence
   865 | D        | Noticed a wolf
   865 | D        | Noticed a wolf
   865 | D        | Noticed a wolf
   865 | D        | Noticed a wolf
   865 | D        | Noticed a troll
   865 | D        | XOM: enchant monster (bad)
   866 | D        | Noticed a naga
   866 | D        | a wolf changed into a naga
   887 | D        | XOM: confuse monster(s)
   888 | D        | Killed a naga
   888 | D        | Reached XP level 7. HP: 18/35 MP: 8/8
   902 | D        | XOM: butterfly on damage
   902 | D        | XOM: smoke on damage
   906 | D        | XOM: enchant monster (bad)
   910 | D        | Killed a wolf
   910 | D        | Reached skill level 10 in Polearms
   913 | D        | XOM: divination: detect items
   919 | D        | XOM: confuse monster(s)
   954 | D        | XOM: butterfly on damage
   956 | D        | XOM: confusion (+ monsters)
   956 | D        | Slain by a wolf

Vault maps used:
D:        pitsprint

Action                   |  1- 3 |  4- 6 |  7- 9 || total
-------------------------+-------+-------+-------++-------
Melee: Spear             |    68 |    80 |    17 ||   165
  Use: Scroll            |       |     2 |       ||     2
       Potion            |       |       |     1 ||     1
 Stab: Sleeping          |     4 |     1 |       ||     5
       Paralysed         |     3 |       |       ||     3
       Petrified         |     2 |     3 |       ||     5
       Petrifying        |     1 |     1 |       ||     2
       Confused          |       |       |     4 ||     4
